 Dungeon Crawl Stone Soup version 0.28-a0-823-gb444dcf96d (webtiles) character file.

Game seed: 12100487919990634640

47 Zenkrye the Insei (level 3, -5/24 HPs)
             Began as an Octopode Transmuter on Nov 9, 2021.
             Was a Follower of Wu Jian.
             Slain by a gnoll (7 damage)
             ... on level 2 of the Dungeon.
             The game lasted 00:05:38 (1794 turns).

Zenkrye the Insei (Octopode Transmuter)             Turns: 1794, Time: 00:05:39

Health: -5/24      AC:  2    Str:  9    XL:     3   Next: 70%
Magic:  0/6        EV: 19    Int: 16    God:    Wu Jian [*.....]
Gold:   32         SH:  0    Dex: 17    Spells: 2/6 levels left

rFire   . . .      SeeInvis .     - Unarmed
rCold   . . .      Faith    .   (shield currently unavailable)
rNeg    . . .      Spirit   .   (helmet currently unavailable)
rPois   x          Reflect  .   (no amulet)
rElec   .          Harm     .   (no ring)
rCorr   .          Rampage  .   (no ring)
Will    .....                   (no ring)
Stlth   ++........              (no ring)
HPRegen 0.08/turn               (no ring)
MPRegen 0.10/turn               (no ring)
                                (no ring)
                                (no ring)

@: spider-form (expiring)
A: venomous fangs, almost no armour, (amphibious), 8 rings, tiny, (camouflage
1), (gelatinous body 1), (nimble swimmer 1), (tentacles)
a: End Transformation, Renounce Religion


You were on level 2 of the Dungeon.
You worshipped Wu Jian.
Wu Jian was aware of your devotion.
You were a venomous arachnid creature.
You visited 1 branch of the dungeon, and saw 2 of its levels.

You collected 32 gold pieces.

Inventory:

Missiles
 a - 6 poisoned darts (quivered)


   Skills:
 - Level 2.2 Fighting
 - Level 2.0 Dodging
 - Level 3.7 Unarmed Combat
 - Level 2.0 Spellcasting
 + Level 2.2 Transmutations
 + Level 0.9 Poison Magic


You had 2 spell levels left.
You knew the following spells:

 Your Spells              Type           Power      Damage    Failure   Level
a - Beastly Appendage     Tmut           16%        N/A       22%         1
b - Spider Form           Tmut/Pois      6%         N/A       54%         3

Your spell library contained the following spells:

 Spells                   Type           Power      Damage    Failure   Level
 Wereblood                Tmut           8%         N/A       30%         2
 Ice Form                 Ice/Tmut       5%         N/A       91%         4


Dungeon Overview and Level Annotations

Branches:
Dungeon (2/15)

Altars:
Wu Jian


Innate Abilities, Weirdness & Mutations

You are a venomous arachnid creature.
You have poisonous fangs.
You are tiny and dextrous.
Your spellcasting is less reliable in this form.
Your armour is entirely melded.
You are incapable of wielding weapons or throwing items.
You cannot wear most types of armour.
((You are amphibious.))
You can wear up to eight rings at the same time.
((Your skin changes colour to match your surroundings (Stealth+).))
((Your rubbery body absorbs attacks. (AC +1, EV +1)))
((You are camouflaged near water. (Stealth+)))
((You have tentacles for arms and can constrict up to eight enemies at once.))


Message History

Aim: a goblin, wielding a +0 hunting sling and quivering stones (poisoned, 50% to hit)
You throw a poisoned dart. The poisoned dart hits the goblin.
The goblin looks even sicker.
Throw: 9 darts (poison)
Press: ? - help, Q - select action, (/) - cycle Shift-Dir - straight line, f - gnoll
Aim: a gnoll, wielding a +3 antimagic spear (61% to hit)
You throw a poisoned dart.
The poisoned dart closely misses the gnoll.
Throw: 8 darts (poison)
Press: ? - help, Q - select action, (/) - cycle Shift-Dir - straight line, f - goblin
Aim: a goblin, wielding a +0 hunting sling and quivering stones (very poisoned, 50% to hit)
You throw a poisoned dart.
The poisoned dart closely misses the goblin.
A hobgoblin comes into view.
Throw: 7 darts (poison)
Press: ? - help, Q - select action, (/) - cycle Shift-Dir - straight line, f - gnoll
Aim: a gnoll, wielding a +3 antimagic spear (61% to hit)
You throw a poisoned dart.
The poisoned dart barely misses the gnoll.
The Council accepts your kill.
You feel a bit more experienced.
Casting: Beastly Appendage (safe; 9% risk of failure)
Confirm with . or Enter, or press ? or * to list all spells.
The spell is extremely dangerous to cast (32% risk of failure)!
Continue anyway?
You turn into a venomous arachnid creature.
The gnoll hits you from afar with a +3 antimagic spear!
You feel your power leaking away.
You lunge at the gnoll.
You barely miss the gnoll.
The gnoll hits you with a +3 antimagic spear!
You hit the gnoll.
The gnoll is poisoned.
The gnoll is lightly wounded.
The gnoll hits you with a +3 antimagic spear.
* * * LOW HITPOINT WARNING * * *
You hit the gnoll but do no damage.
The gnoll looks as sick as possible!
The gnoll is moderately wounded.
The gnoll misses you.
You hit the gnoll.
The gnoll looks as sick as possible!
The gnoll is severely wounded.
The gnoll hits you with a +3 antimagic spear!
You die...

### ..# ###
#.###########..
...........##.#
...#######.##.#
...# #.##.#
...# #.##.##
...#
#.##..######
#.##
#......sgg.#
#.#
#..#####.#.###
..# #..#
#...#...# ###
#..# #.#####.#
# #..# #.
#....g...(....
##### #..# #
#.#####...(...
..... .... ...
##(.g. .....
.... ##.
.....># .####
#. .......


You could see a gnoll (extremely poisoned) and a hobgoblin.

Vanquished Creatures
  A howler monkey skeleton (D:2)
  7 ball pythons
  5 endoplasms
  3 giant cockroaches
  3 goblins
  2 hobgoblins
  2 kobolds
  7 bats
  A frilled lizard (D:1)
  3 rats (D:1)
34 creatures vanquished.

Vanquished Creatures (others)
  70 plants (D:1)
  4 withered plants (D:1)
74 creatures vanquished.

Grand Total: 108 creatures vanquished

Notes
Turn   | Place    | Note
-------+----------+-------------------------------------------
     0 | D:1      | Zenkrye the Octopode Transmuter began the quest for the
                  | Orb.
     0 | D:1      | Reached XP level 1. HP: 13/13 MP: 3/3
   294 | D:1      | Reached XP level 2. HP: 12/18 MP: 3/5
   783 | D:2      | Reached XP level 3. HP: 20/24 MP: 4/6
   787 | D:2      | Learned a level 3 spell: Spider Form
  1343 | D:1      | Found a faded altar of an unknown god.
  1411 | D:1      | Prayed at the altar of an unknown god.
  1411 | D:1      | Became a worshipper of the Wu Jian Council
  1411 | D:1      | Reached * piety under Wu Jian
  1794 | D:2      | Slain by a gnoll

Illustrated notes

Levels and vault maps discovered:
D:1:      roderic_crop_circles_arrival_small, layout_loops_ring,
          shapermc_ecumenical_altar_flowoftime, minmay_misc_feat_five,
          minmay_pentomino_t4
D:2:      layout_loops_ring

Skill      XL: |  1  2 |
---------------+-------+-----
Fighting       | 2 |  2.2
Dodging        | |  2.0
Unarmed Combat | |  3.7
Spellcasting   | |  2.0
Transmutations | |  2.2
Poison Magic   | |  0.9

Action                   || total
-------------------------++-------
Melee: Unarmed           ||    80
       Constrict         ||    16
       Tentacles         ||    11
       Kick              ||     6
       Punch             ||     4
Throw: Dart              ||    75
 Cast: Beastly Appendage ||    17
       Spider Form       ||     1
Invok: Lunge             ||     1
       Whirlwind         ||     1
  Use: Scroll            ||     2
 Stab: Sleeping          ||     1
Armor: Skin              ||     3
Dodge: Dodged            ||    32

Table legend: (Time is in decaauts)
 A = Elapsed time spent in this place.
 B = Non-inter-level travel time spent in this place.
 C = Inter-level travel time spent in this place.
 D = Time resting spent in this place.
 E = Time spent auto-exploring this place.
 F = Levels seen in this place.
 G = Mean time per level.
                   A        B        C        D        E       F      G
               +--------+--------+--------+--------+--------+-----+--------+
         Total |   1791 |   1753 |     38 |      9 |   1315 |   2 |  895.5 |
       Dungeon |   1791 |   1753 |     38 |      9 |   1315 |   2 |  895.5 |
               +--------+--------+--------+--------+--------+-----+--------+

Top non-repeatable levels by time:
     D:1: 1321 daAuts
     D:2: 470 daAuts
